 Dungeon Crawl Stone Soup version 0.30-a0-335-ge5acde7520 (webtiles) character file.

Game seed: 4908790147293497958

1451 jimonade the Thaumaturge (level 9, -4/55 HPs)
             Began as a Djinni Fire Elementalist on Oct 30, 2022.
             Killed by an exploding orc (9 damage)
             ... ignited by their inner flame
             ... on level 6 of the Dungeon.
             The game lasted 00:12:48 (5921 turns).

jimonade the Thaumaturge (Djinni Fire Elementalist) Turns: 5921, Time: 00:12:48

Health: -4/55      AC: 10    Str:  9    XL:     9   Next: 4%
Gold:   230        EV: 27    Int: 18    God:
                   SH:  0    Dex: 15

rFire   + + +      SeeInvis .    b - +2 whip (elec)
rCold   x . .      Faith    .    (no shield)
rNeg    . . .      Spirit   .    F - +2 leather armour {rF+}
rPois   ∞          Reflect  .    A - +0 helmet
rElec   .          Harm     .    (no cloak)
rCorr   .          Rampage  .    (no gloves)
Will    .....                    (boots unavailable)
Stlth   ++........               m - amulet of the acrobat
HPRegen 0.29/turn                x - +4 ring of protection
MPRegen 0.00/turn                (no ring)

@: acrobatic, flying
A: sickness immunity, fire resistance 2, cold vulnerability 1, float, innate
caster, HP casting, extra vitality 1
a: no special abilities


You were on level 6 of the Dungeon.
You visited 1 branch of the dungeon, and saw 6 of its levels.

You collected 230 gold pieces.

Inventory:

Hand Weapons
 a - a +0 dagger of freezing
 b - a +2 whip of electrocution (weapon)
 c - a +0 dagger
 o - a +0 sling
 B - a +2 whip of freezing
Missiles
 p - 6 javelins
 v - 6 poisoned darts
 y - 2 throwing nets
Armour
 d - a +0 leather armour
 f - a +0 robe
 j - a +0 ring mail
 t - a +0 chain mail
 u - the +0 ring mail of the Spider Nest {Str+4 Int+4}
   (You found it on level 4 of the Dungeon)

   Str:       It affects your strength (+4).
   Int:       It affects your intelligence (+4).
 A - a +0 helmet (worn)
 F - a +2 leather armour of fire resistance (worn)
Jewellery
 m - an amulet of the acrobat (around neck)
 x - a +4 ring of protection (left hand)
Wands
 q - a wand of flame (10)
 C - a wand of mindburst (7)
Scrolls
 e - 7 scrolls of identify {unknown}
 g - a scroll of poison {unknown}
 l - 4 scrolls of vulnerability {unknown}
 n - a scroll of fog {unknown}
 r - a scroll of immolation {unknown}
 s - a scroll of amnesia {unknown}
 D - a scroll of summoning {unknown}
 H - a scroll of fear {unknown}
Potions
 h - 2 potions of curing {unknown}
 i - 3 potions of heal wounds {unknown}
 k - a potion of lignification {unknown}
 w - a potion of might {unknown}
 z - 2 potions of mutation {unknown}
 E - a potion of flight {unknown}
 G - a potion of berserk rage {unknown}


   Skills:
 - Level 2.1 Dodging
 - Level 1.5 Stealth
 + Level 8.5 Spellcasting


You had 3 spell levels left.
You knew the following spells:

 Your Spells              Type           Power      Damage    Failure   Level
a - Foxfire               Conj/Fire      100%       2x1d9     1%          1
b - Scorch                Fire           76%        2d9       1%          2
c - Kindle Blastsparks    Fire/Tloc/Air  76%        2d16      1%          3
d - Inner Flame           Hex/Fire       38%        N/A       1%          3
e - Flame Wave            Conj/Fire      38%        2d10      3%          4
f - Sandblast             Erth           76%        2d16      1%          1
g - Passwall              Tmut/Erth      31%        N/A       1%          2
h - Ensorcelled Hibernat  Hex/Ice        76%        N/A       1%          2
i - Airstrike             Air            19%        2d(3-19)  3%          4
Your spell library was empty.

Dungeon Overview and Level Annotations

Branches:
Dungeon (6/15)
 Temple: D:4-7

Altars:
Nemelex Xobeh
Okawaru
The Shining One

Annotations:
D:5 Grinder


Innate Abilities, Weirdness & Mutations

You are immune to sickness and miasma.
You are immune to poison.
Your flesh is very heat resistant. (rF++)
You are vulnerable to cold. (rC-)
You float through the air rather than walking.
You learn spells naturally, not from books.
Your magical power is your life essence.
You have superior vitality. (+4 MHP)


Message History

Flames lash the orc.
You kill the orc!
* * * LOW HITPOINT WARNING * * *
Casting: Scorch (safe; 1% risk of failure)
Confirm with . or Enter, or press ? or * to list all spells.
A cloud of volatile blastsparks flares up around you!
* * * LOW HITPOINT WARNING * * *
The orc completely misses you.
The cloud of blastsparks explodes!
The concussive blast engulfs the orc!
You kill the orc!
The concussive blast engulfs the orc.
Flame seeps out of the orc.
The orc is heavily wounded.
The concussive blast engulfs the orc.
The orc is almost dead.
The concussive blast engulfs you. You resist.
* * * LOW HITPOINT WARNING * * *
You are knocked back by the blast.
The orc is knocked back by the blast.
Casting: Kindle Blastsparks (safe; 1% risk of failure)
Confirm with . or Enter, or press ? or * to list all spells.
Aiming: Inner Flame (safe; 1% risk of failure)
Press: ? - help, Dir - move target, f - orc, p - orc
Aim: an orc, wielding a +0 short sword and wearing a +0 leather armour (almost dead, chance to affect: 96%)
The orc is filled with an inner flame.
* * * LOW HITPOINT WARNING * * *
You are too injured to fight recklessly!
Unknown command.
Casting: Inner Flame (safe; 1% risk of failure)
Confirm with . or Enter, or press ? or * to list all spells.
Flames lash the orc but do no damage.
* * * LOW HITPOINT WARNING * * *
The orc misses you.
Casting: Scorch (safe; 1% risk of failure)
Confirm with . or Enter, or press ? or * to list all spells.
Flames lash the orc.
* * * LOW HITPOINT WARNING * * *
The orc explodes!
The fiery explosion engulfs the orc priest!!!
You kill the orc priest!
The fiery explosion engulfs you! You resist.
You die...

#.......#
#.......# .
#.....).# ..
#.......# ...
#.......#
....#..)....#####
.....##§§.......#
####...o§.......#
####@§§......#
#.........#
#.........#
#.........#
##.(..#####
#..#.# ......#
#......# .....
..#


You could see an orc (inner flame).

Vanquished Creatures
  Pikel (D:4)
  Menkaure (D:4)
  Duvessa (D:5)
  A phantom (D:6)
  Blork the orc (D:4)
  A lemure (D:4)
  3 scorpions
  Dowan (D:5)
  A hound (D:5)
  2 jellies
  An orc priest (D:6)
  An iguana (D:5)
  Ijyb (D:4)
  Natasha (thrice) (D:4)
  Robin (D:4)
  6 adders
  3 gnolls (D:4)
  A shadow imp (D:5)
  A worm (D:2)
  3 dart slugs
  6 orcs
  7 bats
  9 endoplasms
  2 giant cockroaches
  16 goblins
  7 hobgoblins
  2 jackals (D:4)
  5 quokkas
  8 ball pythons
  3 frilled lizards
  A goblin skeleton (D:5)
  A goblin zombie (D:5)
  3 hobgoblin zombies (D:5)
  3 kobolds
  A kobold zombie (D:5)
  An orc zombie (D:5)
  A rat (D:1)
110 creatures vanquished.

Vanquished Creatures (others)
  265 foxfires
  7 plants (D:2)
272 creatures vanquished.

Grand Total: 382 creatures vanquished

Notes
Turn   | Place    | Note
-------+----------+-------------------------------------------
     0 | D:1      | jimonade the Djinni Fire Elementalist began the quest for
                  | the Orb.
     0 | D:1      | jimonade set off with the following spells memorised:
                  | Foxfire, Scorch, Kindle Blastsparks, Inner Flame, Flame
                  | Wave.
     0 | D:1      | Reached XP level 1. HP: 15/15 MP: 0/0
   105 | D:1      | Reached XP level 2. HP: 18/21 MP: 0/0
   244 | D:1      | Found a faded altar of an unknown god.
   249 | D:1      | Reached skill level 3 in Spellcasting
   309 | D:1      | Reached XP level 3. HP: 19/25 MP: 0/0
   309 | D:1      | Learned a level 1 spell: Sandblast
  1213 | D:2      | Reached XP level 4. HP: 28/31 MP: 0/0
  1640 | D:3      | Found an iron altar of Okawaru.
  1987 | D:3      | Reached skill level 4 in Spellcasting
  2075 | D:3      | Found a sparkling altar of Nemelex Xobeh.
  2540 | D:4      | Reached XP level 5. HP: 12/35 MP: 0/0
  2540 | D:4      | Learned a level 2 spell: Passwall
  2637 | D:4      | Identified the +0 ring mail of the Spider Nest {Str+4
                  | Int+4}
  2804 | D:4      | Noticed Menkaure
  2807 | D:4      | Killed Menkaure
  2808 | D:4      | Reached skill level 5 in Spellcasting
  2808 | D:4      | Reached XP level 6. HP: 17/40 MP: 0/0
  3025 | D:4      | Noticed Blork the orc
  3029 | D:4      | Killed Blork the orc
  3089 | D:4      | Reached XP level 7. HP: 31/45 MP: 0/0
  3089 | D:4      | Learned a level 2 spell: Ensorcelled Hibernation
  3101 | D:4      | Noticed Natasha
  3107 | D:5      | Entered Level 5 of the Dungeon
  3202 | D:4      | Killed Natasha
  3268 | D:4      | Noticed Robin
  3277 | D:4      | Killed Robin
  3278 | D:4      | Reached skill level 6 in Spellcasting
  3630 | D:4      | Noticed Natasha
  3633 | D:4      | Killed Natasha
  4029 | D:4      | Noticed Natasha
  4032 | D:4      | Killed Natasha
  4856 | D:5      | Noticed Duvessa
  4861 | D:5      | Noticed Dowan
  4868 | D:5      | Noticed Ijyb
  4868 | D:5      | Noticed Pikel
  5126 | D:4      | Killed Pikel
  5127 | D:4      | Reached skill level 7 in Spellcasting
  5127 | D:4      | Reached XP level 8. HP: 39/50 MP: 0/0
  5274 | D:4      | Killed Ijyb
  5586 | D:5      | Killed Duvessa
  5587 | D:5      | Reached skill level 8 in Spellcasting
  5590 | D:5      | Killed Dowan
  5777 | D:5      | Found a glowing golden altar of the Shining One.
  5890 | D:5      | Noticed Grinder
  5914 | D:6      | Reached XP level 9. HP: 20/55 MP: 0/0
  5914 | D:6      | Learned a level 4 spell: Airstrike
  5921 | D:6      | Killed by an exploding orc... ignited by their inner flame

Illustrated notes

Levels and vault maps discovered:
D:1:      wheals_arrival_linesprint, layout_basic,
          shapermc_ecumenical_altar_rom_forum, serial_curves, eino_curves_04,
          eino_curves_03
D:2:      wad_lake_hut, layout_rooms, minmay_pentomino_w2
D:3:      layout_loops_cross, okawaru_ov_weapons_minmay,
          mainiacjoe_overflow_alcove_2, roderic_lattice_a, hex_medium,
          minmay_misc_feat_tower, kennysheep_generic_room_13
D:4:      layout_loops_ring, uniq_blork_the_orc, uniq_robin, uniq_menkaure,
          uniq_natasha
D:5:      layout_gridville, nicolae_tso_besieged_by_evil, minmay_crystal_room,
          hex_large, uniq_pikel, uniq_grinder, uniq_ijyb, uniq_duvessa
D:6:      layout_rooms, nicolae_ossuary_entry_ruins, uniq_edmund

Skill      XL: |  1  2  3  4  5  6  7  8 |
---------------+-------------------------+-----
Spellcasting   | 3 4 5 7 8 |  8.5
Dodging        | |  2.1
Stealth        | |  1.5

Action                   |  1- 3 |  4- 6 |  7- 9 || total
-------------------------+-------+-------+-------++-------
Melee: Dagger            |     1 |       |       ||     1
 Cast: Foxfire           |    67 |    43 |    53 ||   163
       Scorch            |       |    29 |    43 ||    72
       Inner Flame       |       |     4 |    14 ||    18
       Kindle Blastspark |       |       |     5 ||     5
Armor: Robe              |     4 |     2 |     7 ||    13
Dodge: Dodged            |     6 |     9 |    23 ||    38

Table legend: (Time is in decaauts)
 A = Elapsed time spent in this place.
 B = Non-inter-level travel time spent in this place.
 C = Inter-level travel time spent in this place.
 D = Time resting spent in this place.
 E = Time spent auto-exploring this place.
 F = Levels seen in this place.
 G = Mean time per level.
                   A        B        C        D        E       F      G
               +--------+--------+--------+--------+--------+-----+--------+
         Total |   5935 |   5358 |    577 |    566 |   3883 |   6 |  989.2 |
       Dungeon |   5935 |   5358 |    577 |    566 |   3883 |   6 |  989.2 |
               +--------+--------+--------+--------+--------+-----+--------+

Top non-repeatable levels by time:
     D:4: 2462 daAuts
     D:3: 1129 daAuts
     D:1: 890 daAuts
     D:2: 736 daAuts
     D:5: 701 daAuts
     D:6: 15 daAuts
